 Dungeon Sprint DCSS version 0.30-a0-793-g160f7cfddd (webtiles) character file.

Game seed: 9228377780593907705

780 octoduck the Geomancer (level 7, -3/48 HPs)
             Began as a Gargoyle Earth Elementalist on Feb 20, 2023.
             Was an Elder of Vehumet.
             Slain by a demonic crawler (13 damage)
             ... in the Dungeon (Sprint VII: "The Pits").
             The game lasted 00:06:52 (933 turns).

octoduck the Geomancer (Gargoyle Earth Elementalist) Turns: 933, Time: 00:06:53

Health: -3/48      AC:  6    Str: 11    XL:     7   Next: 85%
Magic:  9/14       EV: 11    Int: 18    God:    Vehumet [****..]
Gold:   0          SH:  0    Dex: 10    Spells: 4/16 levels left

rFire   . . .      SeeInvis .    l - +1 dagger (venom)
rCold   . . .      Faith    .    (no shield)
rNeg    + . .      Spirit   .    a - +0 robe
rPois   ∞          Reflect  .    (no helmet)
rElec   +          Harm     .    (no cloak)
rCorr   .          Rampage  .    (no gloves)
Will    .....      NoTele   +    (no boots)
Stlth   ++                       (no amulet)
HPRegen 0.28/turn                (no ring)
MPRegen 0.14/turn                (no ring)

@: hasted, very quick
A: sickness immunity, AC +4, negative energy resistance 1, electricity
resistance, torment resistance 1, petrification resistance
a: Renounce Religion


You were in the Dungeon.
You worshipped Vehumet.
Vehumet was greatly pleased with you.
You visited 1 branch

Inventory:

Hand Weapons
 l - a +1 dagger of venom (weapon)
Armour
 a - a +0 robe (worn)
Scrolls
 g - a scroll of blinking
 i - 5 scrolls of amnesia
 j - a scroll of butterflies
Potions
 b - 5 potions of magic
 c - 6 potions of curing
 d - 6 potions of heal wounds
 f - 3 potions of berserk rage
 h - 2 potions of invisibility


   Skills:
 * Level 7.8 Fighting
 - Level 1.5 Dodging
 - Level 2.1 Stealth
 - Level 5.0 Spellcasting
 * Level 9.6 Conjurations
 + Level 5.7 Transmutations
 - Level 11.1 Earth Magic


You had 4 spell levels left.
You knew the following spells:

 Your Spells              Type           Power      Damage    Failure   Level
a - Sandblast             Erth           88%        2d18      1%          1
b - Stone Arrow           Conj/Erth      82%        3d12      1%          3
c - Petrify               Tmut/Erth      34%        N/A       4%          4
d - Sticky Flame          Conj/Fire      21%        2d4       5%          4

Your spell library contained the following spells:

 Spells                   Type           Power      Damage    Failure   Level
 Passwall                 Tmut/Erth      28%        N/A       1%          2


Dungeon Overview and Level Annotations

Branches:
Dungeon (1/1)

Altars:
Ashenzari
Cheibriados
Dithmenos
Elyvilon
Fedhas
Gozag
Hepliaklqana
Kikubaaqudgha
Makhleb
Nemelex Xobeh
Okawaru
Qazlal
Ru
Sif Muna
Trog
Uskayaw
Vehumet
Wu Jian
Xom
Yredelemnul
Zin
The Shining One
Jiyva
Lugonu


Innate Abilities, Weirdness & Mutations

You are immune to sickness and miasma.
Your stone body is resilient. (AC +4)
You are immune to poison.
You resist negative energy. (rN+)
You are resistant to electric shocks. (rElec)
You are resistant to unholy torment.
You are immune to petrification.


Message History

Vehumet accepts your kill.
Vehumet offers you knowledge of Sticky Flame.
You feel your power returning.
This spell is dangerous to cast!
Memorise Sticky Flame, consuming 4 spell levels and leaving 4?
Vehumet grants you knowledge of Sticky Flame.
You start memorising the spell.
You continue memorising. x4
You finish memorising.
You add the spell Sticky Flame to your library.
Spell assigned to 'd'.
There is an open door here.
You open the door.
A floating eye and a demonic crawler come into view.
The demonic crawler gives a hideous shriek!
There is an open door here.
Casting: Sandblast (safe; 1% risk of failure)
Confirm with . or Enter, or press ? or * to list all spells.
Aiming: Stone Arrow (safe; 1% risk of failure)
Press: ? - help, Shift-Dir - straight line, f - demonic crawler
Aim: a demonic crawler (89% to hit)
The stone arrow hits the demonic crawler!
The demonic crawler is lightly wounded.
Casting: Stone Arrow (safe; 1% risk of failure)
Confirm with . or Enter, or press ? or * to list all spells.
Aiming: Sandblast (safe; 1% risk of failure)
Press: ? - help, Shift-Dir - straight line, f/p - demonic crawler
Aim: a demonic crawler (lightly wounded, 93% to hit)
The blast of sand hits the demonic crawler but does no damage.
The demonic crawler is lightly wounded.
The demonic crawler closely misses you. x2; The demonic crawler hits you!
The demonic crawler hits you. x3
Press: ? - help, v - describe, . - travel
Here: a demonic crawler The floor.
Unknown command.
You feel yourself speed up. The demonic crawler hits you!
The demonic crawler hits you.
* * * LOW HITPOINT WARNING * * *
The demonic crawler hits you!
You die...

#.#........##.......#
#.#####'#####...<...#
#.#..[)))..##.......#
#.#..[)))..##.......#
#'###########.......#
#.†.....# #########
#.###...# ####
#.#.....# ....#
#.#...#@#+#...G#
#.....#s#.'..s.+
#...###.#'#
#.......'.#
###########


You could see a demonic crawler.

Vanquished Creatures
  A fire bat (D)
  An acid dragon (D)
  A floating eye (D)
  A water moccasin (D)
  An ice beast (D)
  A sky beast (D)
  A phantom (D)
  A bullfrog (D)
  An adder (D)
  2 bats (D)
  An endoplasm (D)
  A giant cockroach (D)
  2 hobgoblins (D)
  4 jackals (D)
  A ball python skeleton (D)
  A frilled lizard (D)
21 creatures vanquished.

Notes
Turn   | Place    | Note
-------+----------+-------------------------------------------
     0 | D        | octoduck the Gargoyle Earth Elementalist began the quest
                  | for the Orb.
     0 | D        | Reached XP level 1. HP: 10/10 MP: 3/3
    40 | D        | Reached skill level 4 in Earth Magic
    41 | D        | Reached skill level 5 in Earth Magic
   122 | D        | Found a glowing golden altar of the Shining One.
   122 | D        | Found a glowing silver altar of Zin.
   122 | D        | Found a basalt altar of Yredelemnul.
   122 | D        | Found a shimmering altar of Xom.
   122 | D        | Found an ornate altar of the Wu Jian Council.
   122 | D        | Found a bloodstained altar of Trog.
   122 | D        | Found a shimmering blue altar of Sif Muna.
   122 | D        | Found a sacrificial altar of Ru.
   122 | D        | Found a stormy altar of Qazlal.
   122 | D        | Found an iron altar of Okawaru.
   122 | D        | Found a sparkling altar of Nemelex Xobeh.
   122 | D        | Found a burning altar of Makhleb.
   122 | D        | Found a viscous altar of Jiyva.
   122 | D        | Found a hazy altar of Hepliaklqana.
   122 | D        | Found an opulent altar of Gozag.
   122 | D        | Found a blossoming altar of Fedhas.
   122 | D        | Found a white marble altar of Elyvilon.
   122 | D        | Found a shadowy altar of Dithmenos.
   122 | D        | Found a snail-covered altar of Cheibriados.
   124 | D        | Found a radiant altar of Vehumet.
   124 | D        | Found a corrupted altar of Lugonu.
   125 | D        | Found a hide-covered altar of Uskayaw.
   125 | D        | Found an ancient bone altar of Kikubaaqudgha.
   125 | D        | Found a broken altar of Ashenzari.
   132 | D        | Became a worshipper of Vehumet
   163 | D        | Noticed an ice beast
   184 | D        | Reached XP level 2. HP: 15/15 MP: 1/5
   231 | D        | Reached skill level 7 in Earth Magic
   232 | D        | Reached * piety under Vehumet
   232 | D        | Offered knowledge of Freeze by Vehumet.
   398 | D        | Noticed a phantom
   398 | D        | Noticed a floating eye
   406 | D        | Killed a phantom
   406 | D        | Reached ** piety under Vehumet
   406 | D        | Offered knowledge of Shock by Vehumet.
   407 | D        | Reached skill level 11 in Earth Magic
   407 | D        | Reached XP level 3. HP: 9/19 MP: 2/6
   407 | D        | Reached XP level 4. HP: 11/24 MP: 2/7
   463 | D        | Learned a level 3 spell: Stone Arrow
   471 | D        | Paralysed by a floating eye for 2 turns
   473 | D        | Killed a floating eye
   474 | D        | Reached skill level 5 in Fighting
   474 | D        | Reached skill level 5 in Conjurations
   474 | D        | Reached XP level 5. HP: 35/35 MP: 8/8
   541 | D        | Learned a level 4 spell: Petrify
   561 | D        | Killed an ice beast
   561 | D        | Reached *** piety under Vehumet
   561 | D        | Offered knowledge of Searing Ray by Vehumet.
   562 | D        | Reached XP level 6. HP: 42/42 MP: 1/9
   640 | D        | Noticed a water moccasin
   640 | D        | Noticed a fire bat
   646 | D        | Killed a fire bat
   649 | D        | Killed a water moccasin
   650 | D        | Reached XP level 7. HP: 39/47 MP: 7/13
   652 | D        | Reached skill level 5 in Spellcasting
   652 | D        | Reached skill level 5 in Transmutations
   709 | D        | Reached **** piety under Vehumet
   709 | D        | Offered knowledge of Kindle Blastsparks by Vehumet.
   919 | D        | Offered knowledge of Sticky Flame by Vehumet.
   925 | D        | Learned a level 4 spell: Sticky Flame
   926 | D        | Noticed a demonic crawler
   933 | D        | Slain by a demonic crawler

Illustrated notes

Levels and vault maps discovered:
D:        pitsprint [storerooms_1, entrance_room_1, metal_vault_6, armoury_3,
          mini_pit_1, grid_room_1, main_hall_1, silver_pit, the_coven_3,
          the_vestibule_1, steel_vault_2, golden_pit, hallway_of_sentries,
          crystal_vault_1, iron_vault_4, final_vault]

Skill      XL: |  1  2  3  4  5  6  7 |
---------------+----------------------+-----
Earth Magic    | 5 11 | 11.1
Fighting       | 5 6 7 |  7.8
Conjurations   | 5 6 8 9 |  9.6
Transmutations | 2 4 5 |  5.7
Spellcasting   | 4 5 |  5.0
Dodging        | |  1.5
Stealth        | |  2.1

Action                     |  1- 3 |  4- 6 |  7- 9 || total
---------------------------+-------+-------+-------++-------
  Melee: Unarmed           |    17 |       |       ||    17
         Dagger            |     1 |       |       ||     1
   Cast: Sandblast         |    15 |     9 |     7 ||    31
         Stone Arrow       |       |     2 |     2 ||     4
    Use: Potion            |       |       |     1 ||     1
 Armour: Robe              |     9 |     5 |     3 ||    17
  Dodge: Dodged            |    18 |     5 |     4 ||    27

Table legend: (Time is in decaauts)
 A = Elapsed time spent in this place.
 B = Non-inter-level travel time spent in this place.
 C = Inter-level travel time spent in this place.
 D = Time resting spent in this place.
 E = Time spent auto-exploring this place.
 F = Levels seen in this place.
 G = Mean time per level.
                   A        B        C        D        E       F      G
               +--------+--------+--------+--------+--------+-----+--------+
         Total |    947 |    929 |     18 |    584 |      0 |   1 |  947.0 |
       Dungeon |    947 |    929 |     18 |    584 |      0 |   1 |  947.0 |
               +--------+--------+--------+--------+--------+-----+--------+

Top non-repeatable levels by time:
       D: 947 daAuts
